 Dungeon Crawl Stone Soup version 0.28.0-43-g3370ac3207 (webtiles) character file.

Game seed: 15018773741675821447

6 zeram the Ducker (level 1, 0/11 HPs)
             Began as a Spriggan Fighter on Mar 1, 2022.
             Slain by a kobold
             ... wielding a +0 short sword
              (4 damage)
             ... on level 1 of the Dungeon.
             The game lasted 00:00:53 (308 turns).

zeram the Ducker (Spriggan Fighter)                  Turns: 308, Time: 00:00:54

Health: 0/11       AC:  2    Str: 12    XL:     1   Next: 75%
Magic:  2/2        EV: 17    Int:  9    God:
Gold:   0          SH:  6    Dex: 14    Spells: 0/0 levels left

rFire   . . .      SeeInvis +   a - +0 rapier
rCold   . . .      Faith    .   c - +0 buckler
rNeg    . . .      Spirit   .   b - +0 robe
rPois   .          Reflect  .   (helmet restricted)
rElec   .          Harm     .   (no cloak)
rCorr   .          Rampage  .   (gloves unavailable)
Will    .....                   (boots unavailable)
Stlth   ++........              (no amulet)
HPRegen 0.03/turn               (no ring)
MPRegen 0.08/turn               (no ring)

@: very quick
A: very small, no large weapons, unfitting armour, see invisible, speed 3
a: no special abilities


You were on level 1 of the Dungeon.
You visited 1 branch of the dungeon, and saw 2 of its levels.

Inventory:

Hand Weapons
 a - a +0 rapier (weapon)
Armour
 b - a +0 robe (worn)
 c - a +0 buckler (worn)
Potions
 d - a potion of might


   Skills:
 - Level 2.4 Fighting
 + Level 2.3 Short Blades
 + Level 4.2 Dodging
 + Level 0.9 Stealth
 + Level 2.2 Shields


You couldn't memorise any spells.
You didn't know any spells.
Your spell library was empty.

Dungeon Overview and Level Annotations

Branches:
Dungeon (2/15)

Altars:


Innate Abilities, Weirdness & Mutations

You are very small and have problems with some larger weapons.
You are too small for most types of armour.
You have supernaturally acute eyesight. (SInv)
You cover ground extremely quickly. (Speed+++)


Message History

You start resting.
HP restored.
You climb upwards.
The giant cockroach bites you but does no damage.
The kobold hits you with a +0 whip.
The giant cockroach completely misses you.
There is a stone staircase leading down here.
You barely miss the giant cockroach. You block the kobold's attack.
The giant cockroach completely misses you.
The kobold barely misses you.
You hit the giant cockroach.
The giant cockroach is almost dead.
The giant cockroach barely misses you. The ball python misses you. x2
The giant cockroach bites you. The kobold barely misses you.
You block the ball python's attack. The ball python barely misses you.
You hit the giant cockroach.
You kill the giant cockroach!
The ball python bites you. The ball python grabs you.
The ball python constricts you. The kobold misses you.
You are too injured to fight recklessly!
You are too injured to fight recklessly!
You are too injured to fight recklessly!
You escape the ball python's grasp.
A kobold comes into view. It is wielding a +0 short sword.
The kobold shouts!
You block the kobold's attack.
You are too injured to fight recklessly!
You are too injured to fight recklessly!
You are too injured to fight recklessly!
You barely miss the ball python. The ball python completely misses you.
You block the ball python's attack.
You hit the ball python.
You kill the ball python!
You barely miss the hobgoblin. You block the hobgoblin's attack.
The hobgoblin closely misses you.
You barely miss the hobgoblin. The hobgoblin closely misses you.
You block the kobold's attack.
You hit the hobgoblin but do no damage. The hobgoblin misses you.
The kobold hits you with a +0 short sword.
You die...

#..##..# #...#
#####..#...# #....#
........>.#.# ...#...
.######.g...##........
##...............#
.....[...K..#..#
......###g#.# ......##
#g# K. #####. #@# #.#
#.#....K..# #
#.......# #.......#
#.....#... #.....#....
#.....# #### #.....#


You could see 2 hobgoblins and 2 kobolds.

Vanquished Creatures
  A giant cockroach (D:1)
  A goblin (D:2)
  3 ball pythons (D:1)
  2 bats (D:1)
7 creatures vanquished.

Notes
Turn   | Place    | Note
-------+----------+-------------------------------------------
     0 | D:1      | zeram the Spriggan Fighter began the quest for the Orb.
     0 | D:1      | Reached XP level 1. HP: 11/11 MP: 2/2
   308 | D:1      | Slain by a kobold

Illustrated notes

Levels and vault maps discovered:
D:1:      tarquinn_simple_flora_water_f, layout_rooms
D:2:      cheibrodos_pilgrimage, layout_basic,
          hellmonk_ecumenical_altar_heavens_door, basic_altar,
          minmay_misc_feat_four_crosses, uniq_crazy_yiuf_cottage

Action                   || total
-------------------------++-------
Melee: Rapier            ||    19
 Stab: Sleeping          ||     1
Armor: Robe              ||     4
Dodge: Dodged            ||    46
Block: Buckler           ||    16
